 Dungeon Crawl Stone Soup version 0.14-a0-3247-g5fd345f (webtiles) character file.

4350 Psiweapon the Covert (level 10, 0/52 HPs)
             Began as a Kobold Hunter on Mar 12, 2014.
             Was a Follower of Dithmenos.
             Slain by a yak (9 damage)
             ... on Level 1 of the Lair of Beasts.
             The game lasted 00:35:13 (8258 turns).

Psiweapon the Covert (Kobold Hunter)                Turns: 8258, Time: 00:35:13

HP   0/52        AC  6     Str 11      XL: 10   Next: 42%
MP  10/10        EV 13     Int  9      God: Dithmenos [*.....]
Gold 471         SH  0     Dex 20      Spells:  1 memorised,  7 levels left

rFire  . . .     SeeInvis .     b - +1 crossbow
rCold  . . .     Clarity  .     d - +0 leather armour
rNeg   . . .     Conserve .     (no shield)
rPois  .         rCorr    .     (no helmet)
rElec  .         rRot     .     k - +2 cloak
SustAb . .       Spirit   .     (no gloves)
rMut   .         Warding  .     (no boots)
Saprov + + .     Stasis   .     (no amulet)
MR     .....                    (no ring)
                                (no ring)

@: wreathed by umbra, not resistant to hostile enchantments, extraordinarily
stealthy
A: disease resistance, carnivore 3, saprovore 2
a: Renounce Religion


You were on level 1 of the Lair of Beasts.
You worshipped Dithmenos.
Dithmenos was aware of your devotion.
You were very full.

You visited 3 branches of the dungeon, and saw 10 of its levels.

You collected 471 gold pieces.

Inventory:

Hand weapons
 a - a +0,+0 short sword
 b - a +1,+1 crossbow (weapon)
 c - a +0,+0 vampiric dagger
 e - a +1,+1 dagger of speed
 x - a +2,+2 dagger of venom
 y - a +0,+2 mace of holy wrath
 A - a +0 blowgun
 B - a +2,+1 anti-magic flail
Missiles
 h - 23 sling bullets
 r - 3 bolts (quivered)
 s - 15 darts of frost
 G - 12 poisoned needles
Armour
 d - a +0 leather armour (worn)
 k - a +2 cloak (worn)
 l - a +0 chain mail
 I - the +1 plate armour of Resilience {rF+ Int-2, unknown}
   (You found it on level 6 of the Dungeon)

   It affects your intelligence (-2).
   It protects you from fire.
Magical devices
 J - a wand of magic darts (10)
Comestibles
 f - 3 meat rations
Scrolls
 g - 2 scrolls of amnesia {unknown}
 i - 5 scrolls of identify
 j - 7 scrolls of remove curse
 m - 3 scrolls of teleportation {unknown}
 n - 2 scrolls of noise
 p - 2 scrolls of fear
 q - a scroll of recharging {unknown}
 v - a scroll of random uselessness {unknown}
 H - a scroll of immolation {unknown}
 N - a scroll of enchant weapon II {unknown}
Jewellery
 u - an uncursed ring of wizardry
 C - an uncursed amulet of resist mutation
Potions
 o - a potion of lignification
 t - a potion of magic {unknown}
 w - 3 potions of curing
 D - a potion of might
 F - 2 potions of flight
 K - a potion of restore abilities
 M - a potion of brilliance
Books
 z - a book of Dreams

   Spells                             Type                      Level
   *Ensorcelled Hibernation           Hexes/Ice                    2
   Flight                             Charms/Air                   3
   Phase Shift                        Translocation                5
   Shadow Creatures                   Summoning                    5
   Mass Confusion                     Hexes                        6
   Darkness                           Hexes                        7
 E - a book of Beasts

   Spells                             Type                      Level
   Summon Butterflies                 Summoning                    1
   Call Canine Familiar               Summoning                    3
   Summon Ice Beast                   Ice/Summoning                4
   Monstrous Menagerie                Summoning                    6
   Summon Mana Viper                  Hexes/Summoning              5
   Summon Hydra                       Summoning                    7


   Skills:
 - Level 1.1 Fighting
 + Level 10.2 Short Blades
 - Level 8.4 Crossbows
 + Level 8.8 Throwing
 - Level 2.4 Dodging
 + Level 11.3 Stealth


You had 7 spell levels left.
You knew the following spells:

 Your Spells              Type           Power        Failure   Level  Hunger
a - Ensorcelled Hibernat  Hex/Ice        #.....       65%         2    ###....


Dungeon Overview and Level Annotations

Branches:
Dungeon (8/15)             Temple (1/1) D:6            Lair (1/8) D:8

Altars:
Dithmenos
Fedhas
Kikubaaqudgha
Makhleb
Nemelex Xobeh
Sif Muna
Trog
Vehumet
The Shining One

Shops:
D:4 [   D:7 :

Annotations:
D:2 Sigmund
D:3 exclusion: upstairs


Innate Abilities, Weirdness & Mutations

You recuperate from illness quickly.
You are small and have problems with some larger weapons.
You are carnivorous and can eat meat at any time.
You can eat rotten meat.


Message History

Firing (i - inventory. (,) - cycle):
r - 6 bolts (quivered)
Press: ? - help, Shift-Dir - straight line, f/p - yak
Aim: a yak (severely wounded, poisoned, umbra)
You shoot a bolt. The bolt hits the yak.
The yak is severely wounded.
The yak gores you! The yak misses you.
Firing (i - inventory. (,) - cycle):
r - 5 bolts (quivered)
Press: ? - help, Shift-Dir - straight line, f/p - yak
Aim: a yak (severely wounded, poisoned, umbra)
You shoot a bolt. The bolt hits the yak.
The yak is almost dead.
The yak gores you!
* * * LOW HITPOINT WARNING * * *
Firing (i - inventory. (,) - cycle):
r - 4 bolts (quivered)
Press: ? - help, Shift-Dir - straight line, f/p - yak
Aim: a yak (almost dead, poisoned, umbra)
You shoot a bolt. The bolt hits the yak.
The yak is almost dead.
The yak gores you!
You die...

##.......
##........
##.......$.
##..........
##r..........
##............
##.............
####..............
#@#..........r....
##Y...............
##.h...............
#..................
#..................
#.........%.......
#................
#................
##...............


You could see a yak and a hound.

Vanquished Creatures
  The ghost of omil the Magician, an experienced DENe (D:4)
  A spriggan (D:7)
  A yak (Lair:1)
  2 wargs (D:8)
  A hippogriff (D:7)
  A hungry ghost (D:8)
  A sky beast (D:8)
  A porcupine (Lair:1)
  A black bear (D:7)
  An ice beast (D:5)
  5 ogres
  An orc warrior (D:8)
  2 phantoms
  2 centaurs (D:5)
  A big kobold (D:7)
  2 giant frogs
  8 wights (D:6)
  2 hippogriff skeletons
  3 crimson imps
  A goliath beetle (D:8)
  A jelly (D:6)
  5 orc wizards
  4 hounds
  A centaur skeleton (D:6)
  A giant frog skeleton (D:6)
  Natasha (twice) (D:3)
  4 iguanas
  3 worker ants
  A hound skeleton (D:6)
  A worker ant zombie (D:6)
  13 adders
  A shadow imp (D:8)
  A giant mite (D:2)
  4 gnolls
  2 worms (D:3)
  8 giant geckos
  2 oozes
  11 orcs
  13 bats
  9 goblins
  13 hobgoblins
  8 jackals
  13 kobolds
  2 quokkas
  A ball python (D:2)
  5 giant cockroaches
  A giant gecko skeleton (D:4)
  3 giant newts
  3 orc skeletons
  14 rats
  A ballistomycete (D:6)
189 creatures vanquished.

Vanquished Creatures (others)
  A giant spore (D:6)
1 creature vanquished.

Grand Total: 190 creatures vanquished

Notes
Turn   | Place    | Note
--------------------------------------------------------------
     0 | D:1      | Psiweapon, the Kobold Hunter, began the quest for the Orb.
     0 | D:1      | Reached XP level 1. HP: 12/12 MP: 1/1
    23 | D:1      | Reached skill level 5 in Crossbows
   155 | D:1      | Reached XP level 2. HP: 16/16 MP: 2/2
   548 | D:1      | Reached XP level 3. HP: 20/20 MP: 3/3
   637 | D:1      | Reached skill level 6 in Crossbows
  1119 | D:2      | Found a sparkling altar of Nemelex Xobeh.
  1186 | D:2      | Reached XP level 4. HP: 23/25 MP: 4/4
  1548 | D:2      | Reached skill level 7 in Crossbows
  1866 | D:2      | Reached XP level 5. HP: 29/29 MP: 5/5
  1947 | D:2      | Noticed Sigmund
  2355 | D:3      | Noticed Natasha
  2360 | D:3      | Killed Natasha
  2360 | D:3      | Reached skill level 8 in Crossbows
  2407 | D:3      | Reached XP level 6. HP: 28/34 MP: 6/6
  2460 | D:3      | Noticed Natasha
  2470 | D:3      | Killed Natasha
  2714 | D:3      | Found a glowing golden altar of the Shining One.
  2972 | D:4      | Noticed omil's ghost (experienced DENe)
  2984 | D:4      | Reached skill level 1 in Short Blades
  2991 | D:4      | Killed omil's ghost
  2991 | D:4      | Reached XP level 7. HP: 17/38 MP: 7/7
  3479 | D:4      | Reached skill level 5 in Stealth
  3921 | D:4      | Found Twogirim's Antique Armour Shop.
  4115 | D:5      | Entered Level 5 of the Dungeon
  4168 | D:5      | Reached skill level 1 in Throwing
  4168 | D:5      | Reached XP level 8. HP: 33/43 MP: 8/8
  4174 | D:5      | Found a radiant altar of Vehumet.
  4232 | D:5      | Reached skill level 5 in Short Blades
  4785 | D:6      | Got a shimmering plate armour
  5316 | D:6      | Reached XP level 9. HP: 47/47 MP: 9/9
  5321 | D:6      | Reached skill level 5 in Throwing
  5442 | D:6      | Found a staircase to the Ecumenical Temple.
  5456 | Temple   | Entered the Ecumenical Temple
  5469 | Temple   | Became a worshipper of Dithmenos
  5963 | D:6      | Reached skill level 9 in Stealth
  6151 | D:7      | Learned a level 2 spell: Ensorcelled Hibernation
  6681 | D:7      | Found Exkaem's Book Boutique.
  6793 | D:7      | Reached skill level 10 in Stealth
  7210 | D:8      | Reached XP level 10. HP: 52/52 MP: 10/10
  7556 | D:8      | Found a staircase to the Lair.
  7838 | D:8      | Reached skill level 10 in Short Blades
  7838 | D:8      | Reached skill level 11 in Stealth
  8136 | Lair:1   | Entered Level 1 of the Lair of Beasts
  8136 | Lair:1   | Noticed a spiny frog
  8136 | Lair:1   | Noticed a spiny frog
  8258 | Lair:1   | Slain by a yak

Action                   |  1- 3 |  4- 6 |  7- 9 | 10-12 || total
-------------------------+-------+-------+-------+-------++-------
Melee: Short sword       |    56 |    55 |       |       ||   111
       Dagger            |       |    53 |    74 |    81 ||   208
       Mace              |       |       |     6 |       ||     6
 Fire: Crossbow          |    27 |    74 |   168 |    64 ||   333
       Blowgun           |       |       |    34 |    26 ||    60
Throw: Dart              |       |    17 |     1 |     1 ||    19
Evoke: Wand              |       |       |     8 |     1 ||     9
  Use: Potion            |       |     2 |       |     1 ||     3
       Scroll            |       |     3 |     5 |     3 ||    11
 Stab: Sleeping          |       |       |       |     1 ||     1
